 Dungeon Crawl Stone Soup version 0.29-a0-370-gb5314be063 (webtiles) character file.

Game seed: 10047247472390561155

146 Agony the Bolt Thrower (level 5, 0/45 HPs)
             Began as a Minotaur Hunter on May 2, 2022.
             Slain by an ufetubus (2 damage)
             ... on level 4 of the Dungeon.
             The game lasted 00:05:38 (2460 turns).

Agony the Bolt Thrower (Minotaur Hunter)            Turns: 2460, Time: 00:05:39

Health: 0/45       AC:  3    Str: 15    XL:     5   Next: 7%
Magic:  4/4        EV: 13    Int:  6    God:
Gold:   78         SH:  0    Dex: 16    Spells: 4/4 levels left

rFire   . . .      SeeInvis .   a - +1 hand crossbow
rCold   . . .      Faith    .   (no shield)
rNeg    . . .      Spirit   .   b - +0 leather armour
rPois   .          Reflect  .   (helmet restricted)
rElec   .          Harm     .   (no cloak)
rCorr   .          Rampage  .   (no gloves)
Will    .....                   (no boots)
Stlth   ++........              (no amulet)
HPRegen 0.15/turn               (no ring)
MPRegen 0.09/turn               (no ring)

@: lethally poisoned (0 -> -2), hasted, very quick
A: horns 2, retaliatory headbutt
a: no special abilities


You were on level 4 of the Dungeon.
You visited 1 branch of the dungeon, and saw 4 of its levels.

You collected 78 gold pieces.

Inventory:

Hand Weapons
 a - a +1 hand crossbow (weapon)
Missiles
 p - a throwing net
Armour
 b - a +0 leather armour (worn)
Scrolls
 c - a scroll of immolation
 d - 2 scrolls of teleportation
 e - 2 scrolls of amnesia
 g - 2 scrolls of vulnerability
 j - a scroll of holy word
 k - a scroll of fog {unknown}
 r - a scroll of silence {unknown}
Potions
 f - a potion of ambrosia
 h - a potion of might
 i - a potion of flight {unknown}
 l - 2 potions of haste
 n - a potion of resistance
 o - a potion of heal wounds {unknown}
 q - a potion of lignification


   Skills:
 + Level 3.6 Fighting
 + Level 5.0 Crossbows
 + Level 2.0 Armour
 + Level 3.2 Dodging
 + Level 2.0 Stealth


You had 4 spell levels left.
You didn't know any spells.
Your spell library contained the following spells:

 Spells                   Type           Power      Damage    Failure   Level
 Ensorcelled Hibernation  Hex/Ice        0%         N/A       67%         2
 Passwall                 Tmut/Erth      0%         N/A       67%         2
 Swiftness                Air            0%         N/A       88%         3


Dungeon Overview and Level Annotations

Branches:
Dungeon (4/15)
 Temple: D:4-7

Altars:

Shops:
D:1 =


Innate Abilities, Weirdness & Mutations

You have a pair of horns on your head.
You reflexively headbutt those who attack you in melee.


Message History

You shoot a bolt. The bolt closely misses the killer bee.
The bolt completely misses the killer bee.
The bolt hits the worm!
Your attack snaps the worm out of its fear.
The worm is heavily wounded.
You feel very sick. The ufetubus completely misses you.
The ufetubus closely misses you.
Okay, then.
Okay, then.
You feel yourself speed up.
You feel sick. The ufetubus barely misses you. The ufetubus hits you.
* * * LOW HITPOINT WARNING * * *
The ufetubus closely misses you. You furiously retaliate!
You headbutt the ufetubus, but do no damage.
The ufetubus closely misses you.
You are too injured to fight recklessly!
You feel sick.
You feel sick.
You feel sick. The ufetubus attacks as you move away! The ufetubus hits you.
* * * LOW HITPOINT WARNING * * *
The ufetubus hits you.
* * * LOW HITPOINT WARNING * * *
x2 You feel sick.
* * * LOW HITPOINT WARNING * * *
You feel sick.
Really attack while wielding your +1 hand crossbow? [Y]es or [N]o only, please.
Really attack while wielding your +1 hand crossbow? [Y]es or [N]o only, please.
Really attack while wielding your +1 hand crossbow?
Okay, then.
Shoot: a) +1 hand crossbow
Press: ? - help, Q - select action, (/) - cycle Shift-Dir - straight line, f - ufetubus
Aim: an ufetubus (50% to hit)
You shoot a bolt. The bolt misses the ufetubus.
The ufetubus hits you.
* * * LOW HITPOINT WARNING * * *
The ufetubus hits you.
You die...

...#. #.##y# ...
......#.##.###.yh.
......#.##......#.
#....†.....w.....
#.####.#######.#.
#>.............
#.####.#######. #5#
#@# ############.#
#.........##.#
#.#######.##.# #######
#...### #.##.###.....#
###.#.###.##.........#
#.#.....#####......#
#.#.##### #......#
#######.#.#
#######.#....#


You could see an ufetubus.

Vanquished Creatures
  A jelly (D:4)
  An orc wizard (D:3)
  2 adders (D:2)
  A white imp (D:3)
  A worm (D:2)
  A dart slug (D:2)
  5 orcs
  2 bats (D:2)
  9 endoplasms
  4 giant cockroaches
  2 goblins
  5 hobgoblins
  A quokka (D:2)
  6 ball pythons
  A frilled lizard (D:2)
  3 kobolds
  9 rats
54 creatures vanquished.

Notes
Turn   | Place    | Note
-------+----------+-------------------------------------------
     0 | D:1      | Agony the Minotaur Hunter began the quest for the Orb.
     0 | D:1      | Reached XP level 1. HP: 18/18 MP: 0/0
   176 | D:1      | Reached skill level 1 in Stealth
   195 | D:1      | Reached XP level 2. HP: 25/25 MP: 1/1
   242 | D:1      | Found Qumeaff's Jewellery Emporium.
   833 | D:2      | Reached XP level 3. HP: 30/30 MP: 2/2
   908 | D:2      | Reached skill level 1 in Armour
  1442 | D:3      | Reached XP level 4. HP: 29/38 MP: 3/3
  1906 | D:3      | Noticed an ogre
  2339 | D:4      | Reached skill level 5 in Crossbows
  2436 | D:4      | Reached XP level 5. HP: 45/45 MP: 4/4
  2448 | D:4      | Noticed a black bear
  2460 | D:4      | HP: 2/45 [ufetubus (1)]
  2460 | D:4      | Slain by an ufetubus

Illustrated notes

Levels and vault maps discovered:
D:1:      dpeg_arrival_signposts, layout_loops_ring, serial_shops, shop,
          minmay_box_of_dots
D:2:      layout_basic
D:3:      layout_basic, shapermc_ecumenical_altar_hornbeckon
D:4:      layout_basic

Skill      XL: |  1  2  3  4 |
---------------+-------------+-----
Stealth        | 1 2 |  2.0
Fighting       | 3 |  3.6
Armour         | 1 2 |  2.0
Dodging        | 3 |  3.2
Crossbows      | 5 |  5.0

Action                   |  1- 3 |  4- 6 || total
-------------------------+-------+-------++-------
 Fire: Hand crossbow     |    83 |    54 ||   137
  Use: Scroll            |     4 |     7 ||    11
       Potion            |       |     1 ||     1
Armor: Leather armour    |     4 |     5 ||     9
Dodge: Dodged            |    10 |    28 ||    38

Table legend: (Time is in decaauts)
 A = Elapsed time spent in this place.
 B = Non-inter-level travel time spent in this place.
 C = Inter-level travel time spent in this place.
 D = Time resting spent in this place.
 E = Time spent auto-exploring this place.
 F = Levels seen in this place.
 G = Mean time per level.
                   A        B        C        D        E       F      G
               +--------+--------+--------+--------+--------+-----+--------+
         Total |   2500 |   2429 |     71 |    519 |   1510 |   4 |  625.0 |
       Dungeon |   2500 |   2429 |     71 |    519 |   1510 |   4 |  625.0 |
               +--------+--------+--------+--------+--------+-----+--------+

Top non-repeatable levels by time:
     D:2: 1064 daAuts
     D:1: 710 daAuts
     D:3: 542 daAuts
     D:4: 182 daAuts
